Description

In this build order, i show you how to counter a roach / Ravager all-in.

Notes :

  • Pool + gas before hatchery mean all-in 80% of the time
  • Try to hide your probe in his base
  • Scout at 2,15 : It's the timing to see the roach warren or the baneling nest
  • If you suspect an all-in: Second pylon in your wall
  • Stop probe at 3 on the natural
  • Units should be : Adept => Stalker => Stalker
  • Robo as fast as possible and keep your chronoboost
  • Split your pylons
  • Full chronoboost on your immortal and stay behind your wall with your batteries

VOD

https://youtu.be/qGyURwP6YbA

Replay - PvZ vs Roach ravager all-in

Build Order

Get SALT Encoding   

  12  0:00  Probe  
  13  0:13  Probe  
  14  0:19  Pylon  
  14  0:21  Probe  
  15  0:33  Probe  
  15  0:40  Gateway  
  16  0:44  Probe  
  16  0:48  Assimilator  
  17  0:54  Probe  
  18  1:02  Probe  
  18  1:10  Probe  
  20  1:27  Nexus  
  20  1:37  Cybernetics Core  
  20  1:41  Probe  
  21  1:47  Assimilator  
  21  1:53  Probe  
  22  1:56  Pylon  
  22  2:06  Adept  
  25  2:31  Robotics Facility  
  28  2:38  Stalker  
  29  2:50  Gateway  
  29  3:00  Shield Battery  
  29  3:08  Stalker  
  29  3:09  Immortal  
  35  3:23  Pylon  
  35  3:33  Shield Battery  
  35  3:38  Sentry  
  35  3:41  Zealot  
  39  3:45  Immortal  
  43  3:58  Pylon  
  41  4:16  Shield Battery  
  40  4:21  Shield Battery  
  44  4:39  Pylon  
Spawning Tool Build Advisor. Get it on Overwolf

Go to:

Details

  • Created by: zuka      
  • Published on: Jan 05, 2019
  • Modified on: Jan 05, 2019
  • Patch: 4.7.1
Show
View Real Time Build Order
Export as new Build Order

Comments (0)

There are no comments. Be the first!

Create an account to comment!